 Dungeon Crawl Stone Soup version 0.32-a0-872-g59262bdc9b (webtiles) character file.

Game seed: 17680719456347057561

1554 jlumianski the Chopper (level 8, 0/61 HPs)
             Began as a Coglin Gladiator on Mar 30, 2024.
             Was an Initiate of Qazlal.
             Killed from afar by an electric eel (9 damage)
             ... with a bolt of electricity
             ... on level 6 of the Dungeon.
             The game lasted 00:27:44 (5761 turns).

jlumianski the Chopper (Coglin Gladiator)           Turns: 5761, Time: 00:27:45

Health: 0/61       AC: 12    Str: 15    XL:     8   Next: 88%
Magic:  8/8        EV: 12    Int:  7    God:    Qazlal [......]
Gold:   319        SH:  0    Dex: 20    Spells: 7/7 levels left

rFire   . . .        a - +0 war axe {Niklaus}
rCold   . . .        j - +3 dagger {Astrid}
rNeg    . . .        l - +1 ring mail {Will+}
rPois   .            c - +1 helmet
rElec   .            v - +1 cloak
rCorr   .            (no gloves)
SInv    .            x - +0 pair of boots
Will    +....        (amulet unavailable)
Stlth   +            (ring unavailable)
HPRegen 0.30/turn    (ring unavailable)
MPRegen 0.11/turn    (no gizmo)

%: no passive effects
@: revving
A: off-hand wielding, slow wielding, warmup strikes, no jewellery, agile 1, wild
magic 1
a: Invent Gizmo, Renounce Religion


You were on level 6 of the Dungeon.
You worshipped Qazlal.
Qazlal was noncommittal.
You visited 2 branches of the dungeon, and saw 7 of its levels.
You also visited: Sewer.

You collected 319 gold pieces.

Inventory:

Hand Weapons
 a - a +0 war axe (weapon) {Niklaus}
 f - a +0 dagger {Rabni}
 j - a +3 dagger (offhand) {Astrid}
 K - a +0 dagger of venom
Missiles
 d - 3 throwing nets
 e - a javelin
 k - 7 boomerangs (quivered)
 B - 18 poisoned darts
 D - a curare-tipped dart
Armour
 b - a +0 leather armour
 c - a +1 helmet (worn)
 h - a +0 ring mail
 l - a +1 ring mail of willpower (worn)
 v - a +1 cloak (worn)
 x - a +0 pair of boots (worn)
 y - a +0 chain mail
 O - a scarf of invisibility
Wands
 z - a wand of flame (18)
 I - a wand of paralysis (9)
Scrolls
 m - a scroll of blinking {unknown}
 n - a scroll of brand weapon {unknown}
 o - 2 scrolls of teleportation {unknown}
 q - a scroll of identify {unknown}
 t - a scroll of summoning {unknown}
 u - a scroll of torment {unknown}
 C - a scroll of fog {unknown}
 E - 2 scrolls of revelation {unknown}
 J - 2 scrolls of vulnerability {unknown}
 M - a scroll of fear {unknown}
Potions
 g - a potion of attraction {unknown}
 i - a potion of mutation
 p - a potion of heal wounds
 r - a potion of brilliance {unknown}
 s - a potion of berserk rage {unknown}
 w - a potion of haste
 A - a potion of lignification {unknown}
 F - a potion of magic {unknown}
 G - a potion of might {unknown}
 H - 2 potions of curing {unknown}
 L - a potion of degeneration {unknown}
 N - a potion of ambrosia {unknown}


   Skills:
 + Level 4.5 Fighting
 + Level 3.8 Short Blades
 + Level 7.4 Axes
 + Level 1.8 Throwing
 + Level 3.9 Armour
 + Level 4.0 Dodging
 + Level 0.7 Stealth


You had 7 spell levels left.
You didn't know any spells.
Your spell library contained the following spells:

 Spells                   Type           Power      Damage    Failure   Level
 Magic Dart               Conj           0%         1d3       73%         1
 Blink                    Tloc           0%         N/A       85%         2
 Call Imp                 Summ           0%         N/A       85%         2
 Ensorcelled Hibernation  Hex/Ice        0%         N/A       85%         2
 Fugue of the Fallen      Necr           0%         N/A       97%         3
 Anguish                  Hex/Necr       0%         N/A       100%        4


Dungeon Overview and Level Annotations

Branches:
Dungeon (6/15)             Temple (1/1) D:5           Sewer (visited)

Altars:
Ashenzari
Cheibriados
Dithmenos
Elyvilon
Gozag
Hepliaklqana
Kikubaaqudgha
Makhleb
Nemelex Xobeh
Qazlal
Ru
Sif Muna
Trog
Vehumet
Xom
Yredelemnul

Shops:
D:3 =


Innate Abilities, Weirdness & Mutations

You can wield a second weapon in your off-hand.
It takes a long time for you to wield or remove held weapons.
Your first few attacks do less damage.
You cannot equip rings or amulets.
You are agile. (Dex +4, Str/Int -1)
Your spells are a little harder to cast, but a little more powerful.


Message History

The adder is moderately wounded.
You closely miss the adder with your +3 dagger.
The adder barely misses you. The adder bites you but does no damage.
You closely miss the adder with your +3 dagger.
The adder is moderately wounded.
You completely miss the adder with your +0 war axe.
The adder bites you.
You are poisoned.
The adder poisons you!
You closely miss the adder with your +3 dagger.
The adder is moderately wounded.
You slash the adder with your +0 war axe!
You kill the adder!
Qazlal accepts your kill.
You feel sick.
You enter the shallow water.
Moving in this stuff is going to be slow.
You feel sick.
You feel sick.
You feel sick.
You feel sick. 2 electric eels come into view.
You feel sick.
You are no longer poisoned.
The electric eel shoots out a bolt of lightning at you!
The bolt of electricity misses you.
The electric eel shoots out a bolt of lightning at you!
The bolt of electricity hits you!
The electric eel shoots out a bolt of lightning at you!
The bolt of electricity misses you.
The electric eel shoots out a bolt of lightning at you!
The bolt of electricity hits you.
The electric eel shoots out a bolt of lightning at you!
The bolt of electricity misses you.
The electric eel shoots out a bolt of lightning at you!
The bolt of electricity hits you!
* * * LOW HITPOINT WARNING * * *
The electric eel shoots out a bolt of lightning at you!
The bolt of electricity hits you!
You die...

♣♣~~≈≈~.≈~~ #######.#
♣~≈≈~SS~.~~♣ #.#
♣♣~~~≈≈≈~.~≈♣ #..
~P~P~≈P~≈.≈~♣♣ #######
~~~~≈~≈~.≈~~♣♣♣♣###♣♣~♣~##
♣P~P~≈~.~~~~~~~~♣~~~~~~~##
#~~~~~≈.~~P~~~≈~~~~~~~~~~#
##~~P~~.~~~~~~~~~~P~~~~~~♣
##~~~...@................
##~♣..♣~~~~~~~~~PP~~~P~~
###..#♣♣~P≈~♣♣♣♣P~~~~~~
#.###~♣♣♣~♣ ♣~~P~~~# #..
## ~## #♣♣P♣~## ### ##
#####


You could see 2 electric eels.

Vanquished Creatures
  Grinder (D:3)
  Edmund (D:4)
  2 ice beasts
  3 kobold brigands (Sewer)
  4 wights
  A howler monkey (D:5)
  An electric eel (D:6)
  4 hounds
  A jelly (D:5)
  An orc priest (D:2)
  3 sleepcaps (D:4)
  Ijyb (D:3)
  An iguana (D:4)
  2 orc wizards (D:4)
  9 adders
  A shadow imp (D:5)
  A dart slug (D:4)
  A ribbon worm (Sewer)
  13 orcs
  8 ball pythons
  6 bats
  12 endoplasms
  4 giant cockroaches
  7 goblins
  12 hobgoblins
  7 jackals
  6 quokkas
  4 frilled lizards (D:2)
  9 kobolds
  13 rats
139 creatures vanquished.

Notes
Turn   | Place    | Note
-------+----------+-------------------------------------------
     0 | D:1      | jlumianski the Coglin Gladiator began the quest for the
                  | Orb.
     0 | D:1      | Reached XP level 1. HP: 16/16 MP: 1/1
    96 | D:1      | Reached XP level 2. HP: 20/22 MP: 2/2
   165 | D:2      | Reached XP level 3. HP: 27/27 MP: 3/3
   378 | D:2      | Found a faded altar of an unknown god.
   494 | D:1      | Reached XP level 4. HP: 33/33 MP: 4/4
  1347 | D:2      | Reached skill level 4 in Axes
  1347 | D:2      | Reached skill level 1 in Armour
  1347 | D:2      | Reached XP level 5. HP: 27/39 MP: 5/5
  1677 | D:4      | Reached skill level 1 in Short Blades
  1711 | D:4      | Found an ancient bone altar of Kikubaaqudgha.
  1961 | D:4      | Found a glowing drain.
  1994 | Sewer    | Entered a sewer
  2088 | Sewer    | Noticed a kobold brigand
  2102 | Sewer    | Killed a kobold brigand
  2103 | Sewer    | Reached XP level 6. HP: 44/46 MP: 6/6
  2361 | Sewer    | Reached skill level 5 in Axes
  2489 | D:4      | Noticed Edmund
  2532 | D:4      | Gained mutation: You are agile. (Dex +4, Str/Int -1)
                  | [potion of mutation]
  2532 | D:4      | Gained mutation: Your spells are a little harder to cast,
                  | but a little more powerful. [potion of mutation]
  2547 | D:4      | Killed Edmund
  2548 | D:4      | Reached XP level 7. HP: 11/52 MP: 7/7
  2813 | D:3      | Found a white marble altar of Elyvilon.
  2946 | D:3      | Noticed Ijyb
  2958 | D:3      | Killed Ijyb
  3049 | D:3      | Noticed Grinder
  3051 | D:3      | Paralysed by Grinder for 2 turns
  3077 | D:3      | Killed Grinder
  3216 | D:3      | Found a transporter.
  3216 | D:3      | Found Arulinao's Jewellery Shop.
  3323 | D:3      | Found a transporter.
  3667 | D:4      | Reached XP level 8. HP: 59/60 MP: 8/8
  3675 | D:5      | Entered Level 5 of the Dungeon
  3852 | D:4      | Reached skill level 6 in Axes
  4609 | D:5      | Found a staircase to the Ecumenical Temple.
  4640 | Temple   | Entered the Ecumenical Temple
  4645 | Temple   | Became a worshipper of Qazlal Stormbringer
  5262 | D:5      | Reached skill level 7 in Axes
  5681 | D:6      | Found a broken altar of Ashenzari.
  5681 | D:6      | Found a bloodstained altar of Trog.
  5761 | D:6      | Killed from afar by an electric eel

Illustrated notes

Levels and vault maps discovered:
D:1:      amcnicky_arrival_blooded_trapdoor, layout_loops_ring,
          minmay_small_reverse_x
D:2:      layout_basic, hellmonk_ecumenical_altar_run_dry, solitary_fountain
D:3:      layout_loops_ring, elyvilon_altar_1, serial_shops,
          nicolae_shop_drivethru, amcnicky_mini_pool_small, grunt_ministairs_8,
          uniq_ijyb, uniq_grinder
D:4:      layout_layer_cave, mainiacjoe_overflow_brackets, portal_sewer_entry_b,
          hangedman_abyss_or_decor_stabs, hangedman_abyss_or_decor_stagger,
          hellmonk_no_cap, uniq_edmund
D:5:      layout_cave_pods, minmay_temple_entry_water_ring,
          serial_park_tiny_pond, kennysheep_potato
D:6:      minmay_chambers_of_fours, layout_loops_ring, lemuel_doored_altar,
          nicolae_overflow_two_pavilions,
          chequers_temple_overflow_statue_of_worship, serial_bayou_lagoon_b,
          uniq_duvessa
Temple:   nicolae_temple_x_marks_the_god

Skill      XL: |  1  2  3  4  5  6  7  8 |
---------------+-------------------------+-----
Dodging        | 3 4 |  4.0
Axes           | 4 5 7 |  7.4
Armour         | 1 2 3 |  3.9
Short Blades   | 1 2 3 |  3.8
Fighting       | 3 4 |  4.5
Throwing       | |  1.8
Stealth        | |  0.7

Action                     |  1- 3 |  4- 6 |  7- 9 || total
---------------------------+-------+-------+-------++-------
  Melee: Dagger            |    53 |   126 |   128 ||   307
         War axe           |    60 |   136 |   142 ||   338
  Throw: Boomerang         |       |       |     3 ||     3
    Use: Potion            |       |     2 |     1 ||     3
         Scroll            |       |     2 |       ||     2
 Armour: Leather armour    |    41 |       |       ||    41
         Ring mail         |    27 |    99 |   106 ||   232
  Dodge: Dodged            |    70 |    63 |    91 ||   224

Table legend: (Time is in decaauts)
 A = Elapsed time spent in this place.
 B = Non-inter-level travel time spent in this place.
 C = Inter-level travel time spent in this place.
 D = Time resting spent in this place.
 E = Time spent auto-exploring this place.
 F = Levels seen in this place.
 G = Mean time per level.
                   A        B        C        D        E       F      G
               +--------+--------+--------+--------+--------+-----+--------+
         Total |   5862 |   5862 |      0 |    270 |   3241 |   8 |  732.8 |
       Dungeon |   5345 |   5345 |      0 |    270 |   3013 |   6 |  890.8 |
        Temple |     20 |     20 |      0 |      0 |      0 |   1 |   20.0 |
         Sewer |    495 |    495 |      0 |      0 |    228 |   1 |  495.0 |
               +--------+--------+--------+--------+--------+-----+--------+

Top non-repeatable levels by time:
     D:4: 1544 daAuts
     D:5: 1154 daAuts
     D:3: 907 daAuts
     D:1: 894 daAuts
     D:2: 758 daAuts
   Sewer: 495 daAuts
     D:6: 86 daAuts
  Temple: 20 daAuts
